 Dungeon Crawl Stone Soup version 0.22.0 (webtiles) character file.

10264 BigChef the Covert (level 11, -4/92 HPs)
             Began as a Demonspawn Chaos Knight on Aug 29, 2018.
             Succumbed to a swamp dragon's poison gas
             ... on level 12 of the Dungeon.
             The game lasted 00:27:48 (12810 turns).

BigChef the Covert (Demonspawn Chaos Knight)       Turns: 12810, Time: 00:27:49

Health: -4/92      AC: 19    Str: 19    XL:     11   Next: 33%
Magic:  12/12      EV: 15    Int: 18    God:    Xom [...*..]
Gold:   531        SH:  0    Dex: 15    Spells: 10/10 levels left

rFire    . . .     SeeInvis .   a - +1 spear (chaos)
rCold    . . .     Gourm    .   (no shield)
rNeg     . . .     Faith    .   b - +2 leather armour
rPois    .         Spirit   .   (helmet restricted)
rElec    .         Reflect  .   (no cloak)
rCorr    .         Harm     .   n - +2 pair of gloves {archery}
MR       .....     Clarity  +   (boots unavailable)
Stlth    +++++.....             (no amulet)
HPRegen  0.25/turn              y - +3 ring of protection
MPRegen  0.13/turn              l - +2 ring of dexterity

@: lethally poisoned (-4 -> -68), about to teleport, sanguine armour
A: hooves 3, horns 1, clarity, clever 2, deformed body, mutation resistance 1,
nightstalker 1, powered by death 1, robust 1, strong 2, sanguine armour 2
a: Renounce Religion


You were on level 12 of the Dungeon.
You worshipped Xom.
You were a favourite toy of Xom.
You were hungry.

You visited 1 branch of the dungeon, and saw 12 of its levels.

You collected 531 gold pieces.

Inventory:

Hand Weapons
 a - a +1 spear of chaos (weapon)
Armour
 b - a +2 leather armour (worn)
 n - a +2 pair of gloves of archery (worn)
Jewellery
 l - a +2 ring of dexterity (right hand)
 p - an uncursed ring of positive energy
 x - an uncursed ring of ice
 y - a +3 ring of protection (left hand)
Wands
 g - a wand of enslavement (26)
 h - a wand of polymorph (6)
 k - a wand of flame (35)
 o - a wand of acid (6)
 s - a wand of random effects (51)
Scrolls
 d - 3 scrolls of enchant weapon
 f - 3 scrolls of magic mapping
 i - 4 scrolls of enchant armour
 j - a scroll of fear
 m - 4 scrolls of remove curse
 q - a scroll of fog
 u - a scroll of teleportation
 v - a scroll of amnesia
Potions
 e - 2 potions of flight
 t - 2 potions of magic
Comestibles
 c - 20 rations


   Skills:
 + Level 7.1 Fighting
 + Level 10.1 Polearms
 + Level 4.7 Armour
 + Level 5.2 Dodging
 + Level 10.4 Stealth
 + Level 1.5 Evocations


You had 10 spell levels left.
You didn't know any spells.
Your spell library contained the following spells:

 Spells                   Type           Power        Failure   Level  Hunger
 Magic Dart               Conj           #...         26%         1    ##.....
 Iskenderun's Mystic Bla  Conj           #.......     94%         4    #####..
 Animate Dead             Necr           N/A          94%         4    #####..
 Pain                     Necr           #...         26%         1    ##.....
 Animate Skeleton         Necr           N/A          26%         1    ##.....
 Vampiric Draining        Necr           #.........   58%         3    ####...
 Regeneration             Chrm/Necr      #.........   58%         3    ####...
 Fulminant Prism          Conj/Hex       #.........   94%         4    #####..
 Dazzling Spray           Conj/Hex       #.....       58%         3    ####...
 Force Lance              Conj/Tloc      #.......     94%         4    #####..
 Searing Ray              Conj           #.....       36%         2    ###....


Dungeon Overview and Level Annotations

Branches:
Dungeon (13/15)            Temple (0/1) D:7            Lair (0/6) D:9
    Orc: D:9-12      Vaults: D:13-14

Altars:
Ashenzari
Cheibriados
Dithmenos
Elyvilon
Hepliaklqana
Makhleb
Nemelex Xobeh
Ru
Trog
Uskayaw
Vehumet
Wu Jian
Xom
The Shining One

Shops:
D:7 :   D:12 =

Annotations:
D:8 exclusion: statue
D:13 exclusion: statue


Innate Abilities, Weirdness & Mutations

You have hooves in place of feet.
You are slightly more attuned to the shadows.
You regenerate a little health from kills.
When seriously injured, your bleeding wounds create thick armour. (AC +9)
You have a pair of small horns on your head.
You possess an exceptional clarity of mind.
Your mind is very acute. (Int +4)
Armour fits poorly on your strangely shaped body.
You are somewhat resistant to further mutation.
You are robust. (+10% HP)
Your muscles are very strong. (Str +4)


Message History

The swamp dragon closely misses you.
* * * LOW HITPOINT WARNING * * *
You feel very sick. The swamp dragon closely misses you.
The swamp dragon claws you but does no damage.
The swamp dragon tramples you.
* * * LOW HITPOINT WARNING * * *
You stumble backwards!
You see here 6 sling bullets.
As you read the scroll labeled MUPOUDGHUPP, it crumbles to dust.
This is a scroll of acquirement! [a] Weapon [b] Armour [c] Jewellery [d] Book [e] Staff [f] Evocable [g] Food [h] Gold (you have $531)
What kind of item would you like to acquire? [\] known items [$] shopping list [a] Weapon [b] Armour [c] Jewellery [d] Book [e] Staff [f] Evocable [g] Food [h] Gold (you have $531)
What kind of item would you like to acquire? [\] known items [$] shopping list Something appears before you!
You die...
Xom cackles wildly!

#............#
#............#
#............#
#............#
#......_.....#
#............#
#............#
#....(.......#
#.........@..#
#......_._D..#
#............#
#........_...#######
#...................
#...).......########
#.########(.# #.
#..# #. #..#


You could see a swamp dragon.

Vanquished Creatures
  Pikel (D:4)
  A gargoyle (D:13)
  A komodo dragon (D:13)
  A jumping spider (D:8)
  2 trolls
  A hornet (D:9)
  Grinder (D:6)
  Prince Ribbit (D:9)
  4 slime creatures (D:13)
  A hippogriff (D:9)
  10 yaks
  A hungry ghost (D:8)
  The ghost of bonscott the Stinger, an amateur DsVM (D:4)
  Menkaure (D:6)
  A water moccasin (D:13)
  Duvessa (D:6)
  2 porcupines (D:9)
  2 orc warriors
  A phantom (D:8)
  2 sky beasts
  3 ice beasts
  6 ogres
  2 slaves (D:4)
  A black bear (D:6)
  A tengu (D:2)
  2 necrophages (D:8)
  2 centaurs (D:8)
  Blork the orc (D:4)
  4 bullfrogs
  Dowan (D:6)
  A scorpion (D:8)
  16 killer bees (D:8)
  6 howler monkeys
  3 crimson imps
  A centaur skeleton (D:4)
  A quasit (D:6)
  4 bullfrog zombies
  2 centaur zombies
  7 hounds
  4 orc priests (D:8)
  A bullfrog skeleton (D:9)
  2 jellies
  5 orc wizards
  5 worker ants
  3 iguanas
  A hound zombie (D:9)
  3 worker ant zombies
  6 adders
  A river rat (D:1)
  3 shadow imps
  An ooze (D:3)
  3 adder skeletons
  4 worms
  2 dart slugs (D:1)
  3 leopard geckos
  23 orcs
  3 bats
  2 giant cockroaches
  9 goblins
  5 hobgoblins
  2 jackals (D:1)
  2 quokkas
  3 ball pythons
  3 frilled lizards
  8 kobolds
  A leopard gecko skeleton (D:7)
  8 rats
  2 plants (D:9)
218 creatures vanquished.

Vanquished Creatures (collateral kills)
  A fire vortex (D:2)
1 creature vanquished.

Vanquished Creatures (others)
  A yak (D:13)
  An acid dragon (D:9)
  A killer bee (D:8)
  3 orcs (D:5)
  A quokka (D:9)
  A bush (D:12)
  6 fungi (D:9)
  2 plants (D:9)
16 creatures vanquished.

Grand Total: 235 creatures vanquished

Notes
Turn   | Place    | Note
-------+----------+-------------------------------------------
     0 | D:1      | BigChef the Demonspawn Chaos Knight began the quest for the Orb.
     0 | D:1      | Reached XP level 1. HP: 18/18 MP: 1/1
   232 | D:1      | XOM: divination: detect items
   257 | D:1      | Gained mutation: You are slightly more attuned to the shadows. [demonic ancestry]
   257 | D:1      | Reached XP level 2. HP: 20/24 MP: 2/2
   621 | D:1      | Reached XP level 3. HP: 19/29 MP: 3/3
   851 | D:1      | XOM: give mutations
   851 | D:1      | Gained mutation: You are resistant to hostile enchantments. (MR+) [Xom's grace]
   851 | D:1      | Gained mutation: You expend magic power (3 MP) to strengthen your wands. [Xom's grace]
   851 | D:1      | Gained mutation: You are somewhat resistant to further mutation. [Xom's grace]
   948 | D:2      | Found a shimmering altar of Xom.
   949 | D:2      | Found a hazy altar of Hepliaklqana.
   949 | D:2      | Noticed a hell beast
   950 | D:2      | Noticed a spectral ugly thing
   950 | D:2      | Noticed a hell beast
   971 | D:2      | Reached skill level 1 in Stealth
  1063 | D:2      | Reached skill level 1 in Dodging
  1082 | D:2      | XOM: smoke on damage
  1263 | D:2      | Found a sparkling altar of Nemelex Xobeh.
  1417 | D:2      | XOM: mild Fire miscast
  1508 | D:2      | Noticed a tengu
  1508 | D:2      | a worm changed into a tengu
  1508 | D:2      | XOM: polymorph worm -> tengu
  1532 | D:2      | Killed a tengu
  1532 | D:2      | Gained mutation: You have large cloven feet. [demonic ancestry]
  1532 | D:2      | Reached XP level 4. HP: 5/37 MP: 4/4
  1532 | D:2      | Reached XP level 5. HP: 5/42 MP: 5/5
  1561 | D:2      | XOM: mild Ice miscast
  1857 | D:2      | XOM: give mutations
  1857 | D:2      | Gained mutation: Your natural rate of healing is unusually fast. [Xom's mischief]
  1857 | D:2      | Gained mutation: Your body sometimes deteriorates upon taking damage. [Xom's mischief]
  1926 | D:2      | XOM: polymorph quokka -> adder
  1980 | D:3      | Lost mutation: Your natural rate of healing is unusually fast. [potion of mutation]
  1980 | D:3      | Lost mutation: Your body sometimes deteriorates upon taking damage. [potion of mutation]
  1980 | D:3      | Lost mutation: You are resistant to hostile enchantments. (MR+) [potion of mutation]
  1980 | D:3      | Lost mutation: You expend magic power (3 MP) to strengthen your wands. [potion of mutation]
  1980 | D:3      | Gained mutation: Your flesh is cold resistant. (rC+) [potion of mutation]
  2147 | D:3      | XOM: 1-stop teleportation journey
  2168 | D:3      | XOM: give mutations
  2168 | D:3      | Gained mutation: You are clumsy. (Dex -2) [Xom's mischief]
  2168 | D:3      | Gained mutation: Scrolls take you a little longer to read. [Xom's mischief]
  2168 | D:3      | Lost mutation: You are somewhat resistant to further mutation. [Xom's mischief]
  2168 | D:3      | Gained mutation: Your mind is acute. (Int +2) [Xom's mischief]
  2413 | D:3      | XOM: 9-stop teleportation journey
  2457 | D:3      | Found a sacrificial altar of Ru.
  2788 | D:3      | XOM: summons 2 hostile demons
  2957 | D:4      | XOM: medium Ice miscast
  3074 | D:4      | Noticed Blork the orc
  3096 | D:4      | Killed Blork the orc
  3096 | D:4      | Gained mutation: When seriously injured, your bleeding wounds create armour. (AC +9) [demonic ancestry]
  3096 | D:4      | Reached XP level 6. HP: 46/48 MP: 6/6
  3109 | D:4      | XOM: 2-stop teleportation journey
  3110 | D:4      | Noticed Pikel
  3110 | D:4      | Noticed a slave
  3110 | D:4      | Noticed a slave
  3110 | D:4      | Noticed a slave
  3110 | D:4      | Noticed a slave
  3133 | D:4      | Killed a slave
  3137 | D:4      | XOM: harmless Pois miscast
  3143 | D:4      | XOM: noise
  3152 | D:4      | Killed a slave
  3155 | D:4      | Killed Pikel
  3155 | D:4      | Reached skill level 5 in Polearms
  3155 | D:4      | Reached XP level 7. HP: 28/54 MP: 7/7
  3245 | D:4      | XOM: give mutations
  3245 | D:4      | Lost mutation: Your mind is acute. (Int +2) [Xom's mischief]
  3245 | D:4      | Gained mutation: You occasionally shout uncontrollably at your foes. [Xom's mischief]
  3513 | D:4      | Noticed bonscott's ghost (amateur DsVM)
  3637 | D:4      | Found a runed gate.
  3637 | D:4      | Found a runed gate.
  3638 | D:4      | Found a runed gate.
  3864 | D:4      | Reached skill level 5 in Stealth
  4144 | D:4      | XOM: noise
  4146 | D:4      | XOM: divination: magic mapping
  4155 | D:4      | Killed bonscott's ghost
  4270 | D:4      | XOM: harmless Conj miscast
  4455 | D:5      | Entered Level 5 of the Dungeon
  4474 | D:5      | Gained mutation: You have hoof-like feet. [demonic ancestry]
  4474 | D:5      | Reached XP level 8. HP: 22/61 MP: 8/8
  4601 | D:5      | XOM: silly message
  4747 | D:5      | XOM: give mutations
  4747 | D:5      | Gained mutation: You are robust. (+10% HP) [Xom's grace]
  4747 | D:5      | Gained mutation: You have a pair of small horns on your head. [Xom's grace]
  4747 | D:5      | Lost mutation: You are clumsy. (Dex -2) [Xom's grace]
  4747 | D:5      | Gained mutation: You have a pair of horns on your head. [Xom's grace]
  4893 | D:5      | XOM: destruction
  5038 | D:5      | XOM: harmless Summ miscast
  5552 | D:6      | Found a shadowy altar of Dithmenos.
  5626 | D:6      | Noticed Duvessa
  5626 | D:6      | Noticed Dowan
  5646 | D:6      | Killed Duvessa
  5654 | D:6      | Killed Dowan
  5703 | D:6      | Found a hide-covered altar of Uskayaw.
  5930 | D:6      | XOM: give mutations
  5930 | D:6      | Gained mutation: You are very robust. (+20% HP) [Xom's grace]
  5930 | D:6      | Gained mutation: Your muscles are strong. (Str +2) [Xom's grace]
  5930 | D:6      | Gained mutation: You possess an exceptional clarity of mind. [Xom's grace]
  5930 | D:6      | Gained mutation: Your mind is acute. (Int +2) [Xom's grace]
  6130 | D:6      | Found a glowing golden altar of the Shining One.
  6242 | D:6      | Noticed Menkaure
  6245 | D:6      | Killed Menkaure
  6247 | D:6      | Noticed Grinder
  6248 | D:6      | XOM: divination: detect items
  6256 | D:6      | Paralysed by Grinder for 2 turns
  6259 | D:6      | XOM: swap monsters
  6265 | D:6      | Killed Grinder
  6265 | D:6      | Gained mutation: You have hooves in place of feet. [demonic ancestry]
  6265 | D:6      | Reached XP level 9. HP: 49/80 MP: 9/9
  6283 | D:6      | XOM: summons 2 hostile demons
  6441 | D:6      | Found a shattered altar of Ashenzari.
  6536 | D:6      | Found a bloodstained altar of Trog.
  6587 | D:6      | XOM: god gift: 5 rations
  6747 | D:7      | Found Veob's Book Emporium.
  6847 | D:7      | XOM: god gift: scroll labeled CITWERICAS {god gift}
  6946 | D:7      | Found a burning altar of Makhleb.
  6946 | D:7      | Found a snail-covered altar of Cheibriados.
  6956 | D:7      | Found a staircase to the Ecumenical Temple.
  7093 | D:7      | Found a flagged portal.
  7139 | D:7      | XOM: give mutation
  7139 | D:7      | Gained mutation: Your muscles are very strong. (Str +4) [Xom's grace]
  7226 | D:7      | XOM: divination: magic mapping
  7301 | D:7      | Reached skill level 5 in Fighting
  7511 | D:8      | XOM: harmless Tloc miscast
  7513 | D:8      | Found an ornate altar of the Wu Jian Council.
  7518 | D:8      | Found a shadowy altar of Dithmenos.
  7550 | D:8      | XOM: medium Hex miscast
  7696 | D:8      | Paralysed by a centaur for 7 turns
  7699 | D:8      | XOM: scenery: create altars
  7706 | D:8      | Paralysed by a centaur for 6 turns
  7711 | D:8      | XOM: cast spell 'Cause Fear'
  7845 | D:8      | Found a hazy altar of Hepliaklqana.
  7886 | D:8      | XOM: divination: detect creatures
  7915 | D:8      | XOM: 7-stop teleportation journey
  8047 | D:8      | Found a burning altar of Makhleb.
  8114 | D:8      | XOM: give mutations
  8114 | D:8      | Lost mutation: Your flesh is cold resistant. (rC+) [Xom's mischief]
  8114 | D:8      | Lost mutation: Scrolls take you a little longer to read. [Xom's mischief]
  8114 | D:8      | Lost mutation: You have a pair of horns on your head. [Xom's mischief]
  8564 | D:8      | Found a radiant altar of Vehumet.
  8832 | D:8      | XOM: fog
  8915 | D:8      | XOM: stat loss: -1 Int (15/16)
  8970 | D:8      | Noticed a queen bee
  8985 | D:8      | Gained mutation: When seriously injured, your bleeding wounds create thick armour. (AC +9) [demonic ancestry]
  8985 | D:8      | Reached XP level 10. HP: 37/91 MP: 10/10
  9047 | D:8      | XOM: enchant monster (good)
  9784 | D:9      | XOM: 1-stop teleportation journey
  9787 | D:9      | Noticed a two-headed ogre
  9788 | D:9      | XOM: confuse monster(s)
  9849 | D:9      | XOM: scenery: 1 doors open
  9910 | D:9      | XOM: enchant monster (good)
  9988 | D:9      | Reached skill level 1 in Evocations
 10004 | D:9      | XOM: mild Chrm miscast
 10123 | D:9      | Found a white marble altar of Elyvilon.
 10263 | D:9      | Paralysed by a hornet for 3 turns
 10473 | D:9      | XOM: cloud trail
 10496 | D:9      | Noticed Prince Ribbit
 10790 | D:9      | XOM: scenery: 1 doors close
 10832 | D:9      | Found a staircase to the Lair.
 10875 | D:9      | XOM: confuse monster(s)
 10879 | D:9      | XOM: enchant monster (good)
 10892 | D:9      | Killed Prince Ribbit
 10926 | D:9      | XOM: noise
 10932 | D:10     | Entered Level 10 of the Dungeon
 11062 | D:10     | You fall through a shaft for 3 floors!
 11109 | D:13     | Noticed a gargoyle
 11128 | D:13     | Killed a gargoyle
 11164 | D:13     | XOM: mild Conj miscast
 11202 | D:13     | XOM: 3-stop teleportation journey
 11328 | D:12     | XOM: enchant monster (good)
 11349 | D:13     | XOM: potion effect (might)
 11433 | D:13     | XOM: 2-stop teleportation journey
 11463 | D:13     | XOM: give mutations
 11463 | D:13     | Lost mutation: You are very robust. (+20% HP) [Xom's mischief]
 11463 | D:13     | Gained mutation: Armour fits poorly on your strangely shaped body. [Xom's mischief]
 11463 | D:13     | Lost mutation: You occasionally shout uncontrollably at your foes. [Xom's mischief]
 11624 | D:13     | Noticed an archer statue
 11655 | D:13     | XOM: harmless Necr miscast
 11667 | D:13     | Gained mutation: You regenerate a little health from kills. [demonic ancestry]
 11667 | D:13     | Reached XP level 11. HP: 65/91 MP: 12/12
 11918 | D:13     | Noticed Erolcha
 11922 | D:13     | XOM: divination: magic mapping
 11924 | D:13     | XOM: enchant monster (good)
 11925 | D:13     | Noticed Erolcha
 11925 | D:13     | Erolcha changed into Erolcha the water moccasin
 11927 | D:13     | Killed Erolcha the water moccasin
 11927 | D:13     | Reached skill level 10 in Stealth
 12127 | D:13     | Noticed an eight-headed hydra
 12138 | D:13     | XOM: noise
 12150 | D:13     | XOM: smoke on damage
 12185 | D:13     | Noticed a two-headed ogre
 12231 | D:13     | Reached skill level 5 in Dodging
 12305 | D:13     | XOM: 1-stop teleportation journey
 12369 | D:12     | XOM: enchant monster (good)
 12394 | D:12     | XOM: cleaving
 12395 | D:12     | XOM: scenery: 1 doors open
 12404 | D:13     | XOM: god gift: scroll of immolation
 12456 | D:13     | Reached skill level 10 in Polearms
 12489 | D:13     | XOM: give mutations
 12489 | D:13     | Gained mutation: Your mind is very acute. (Int +4) [Xom's grace]
 12489 | D:13     | Gained mutation: You are somewhat resistant to further mutation. [Xom's grace]
 12599 | D:13     | XOM: cloud trail
 12687 | D:12     | XOM: summons friendly white imp
 12715 | D:12     | Found Baolioxi's Jewellery Shoppe.
 12791 | D:12     | Noticed a swamp dragon
 12791 | D:12     | a cyclops changed into a swamp dragon
 12791 | D:12     | XOM: polymorph cyclops -> swamp dragon
 12807 | D:12     | XOM: scenery: create altars
 12809 | D:12     | HP: 4/92 [poisoned by a swamp dragon (poison gas)]
 12809 | D:12     | HP: 1/92 [swamp dragon (3)]
 12810 | D:12     | Identified a scroll of acquirement
 12810 | D:12     | Succumbed to a swamp dragon's poison gas

Skill      XL: |  1  2  3  4  5  6  7  8  9 10 11 |
---------------+----------------------------------+-----
Armour         | 2 3 4 |  4.7
Polearms       | 3 4 5 7 8 9 10 | 10.1
Stealth        | 2 3 4 5 6 8 9 10 | 10.4
Dodging        | 1 2 3 4 5 |  5.2
Fighting       | 4 5 6 7 |  7.1
Evocations     | 1 |  1.5

Action                   |  1- 3 |  4- 6 |  7- 9 | 10-12 || total
-------------------------+-------+-------+-------+-------++-------
Melee: Spear             |   151 |   118 |   398 |   424 ||  1091
       Kick              |       |    21 |    99 |   131 ||   251
       Headbutt          |       |       |    54 |    89 ||   143
Evoke: Wand              |       |     1 |     2 |    13 ||    16
  Use: Scroll            |     4 |     7 |     5 |    13 ||    29
       Potion            |     1 |     2 |     7 |     4 ||    14
 Stab: Sleeping          |    12 |    10 |    15 |     5 ||    42
       Paralysed         |     4 |     4 |     1 |    19 ||    28
       Distracted        |     2 |       |     2 |       ||     4
       Confused          |     1 |     3 |     1 |     8 ||    13
       Petrifying        |       |       |       |     4 ||     4
  Eat: Chunk             |     2 |     5 |     8 |     2 ||    17
       Ration            |       |       |     4 |     3 ||     7
Armor: Leather armour    |    19 |    38 |    89 |    70 ||   216
       Skin              |       |       |       |    25 ||    25
Dodge: Dodged            |    46 |    36 |   161 |   139 ||   382
